 Dungeon Crawl Stone Soup version 0.30-a0-393-g54b8e3be05 (webtiles) character file.

Game seed: 17073331639468271700

110 lunkers the Cutter (level 5, 0/45 HPs)
             Began as a Meteoran Fighter on Dec 5, 2022.
             Was a Believer of Uskayaw.
             Slain by a gnoll
             ... wielding a +1 spear of freezing
              (2 damage)
             ... on level 4 of the Dungeon.
             The game lasted 00:02:52 (1022 turns).

lunkers the Cutter (Meteoran Fighter)               Turns: 1022, Time: 00:02:53

Health: 0/45       AC:  9    Str: 19    XL:     5   Next: 38%
Magic:  7/7        EV:  9    Int: 10    God:    Uskayaw [**....]
Gold:   124        SH:  5    Dex: 13    Spells: 4/4 levels left

rFire   . . .      SeeInvis .    i - +5 dagger (holy)
rCold   . . .      Faith    .    c - +0 buckler
rNeg    . . .      Spirit   .    b - +0 scale mail
rPois   .          Reflect  .    p - +0 helmet
rElec   .          Harm     .    (no cloak)
rCorr   .          Rampage  .    (no gloves)
Will    .....                    r - +0 pair of boots
Stlth   ..........               (no amulet)
HPRegen 0.27/turn                (no ring)
MPRegen 0.10/turn                (no ring)

@: glowing
A: sense surroundings 1, otherworldly, glowing, explore regen
a: Renounce Religion, Stomp, Line Pass


You were on level 4 of the Dungeon.
You worshipped Uskayaw.
Uskayaw was noncommittal.
You visited 1 branch of the dungeon, and saw 4 of its levels.

You collected 124 gold pieces.

Inventory:

Hand Weapons
 a - a +0 long sword
 i - a +5 dagger of holy wrath (weapon)
 o - a +2 long sword of freezing
Armour
 b - a +0 scale mail (worn)
 c - a +0 buckler (worn)
 p - a +0 helmet (worn)
 r - a +0 pair of boots (worn)
Scrolls
 e - 2 scrolls of noise {unknown}
 f - 2 scrolls of amnesia {unknown}
 g - a scroll of teleportation {unknown}
 h - a scroll of enchant armour {unknown}
 j - 3 scrolls of identify {unknown}
 k - a scroll of blinking {unknown}
 m - a scroll of immolation {unknown}
 s - a scroll of vulnerability {unknown}
Potions
 d - a potion of might
 l - a potion of attraction {unknown}
 n - a potion of heal wounds {unknown}
 q - a potion of flight {unknown}
 t - a potion of lignification {unknown}
 u - a potion of curing {unknown}
 v - a potion of haste {unknown}


   Skills:
 - Level 3.2 Fighting
 * Level 4.1(4.5) Short Blades
 - Level 3.1(4.3) Long Blades
 - Level 3.6 Armour
 - Level 3.6 Shields
 + Level 1.6 Invocations


You had 4 spell levels left.
You didn't know any spells.
Your spell library contained the following spells:

 Spells                   Type           Power      Damage    Failure   Level
 Shock                    Conj/Air       0%         1d3       82%         1


Dungeon Overview and Level Annotations

Branches:
Dungeon (4/15) Zot: 1397
 Temple: D:4-7

Altars:
Ashenzari
Dithmenos
Fedhas
Uskayaw
Yredelemnul


Innate Abilities, Weirdness & Mutations

You passively map a small area around you.
You are easily found by Zot.
You glow in the dark.
You regain HP and MP as you explore.


Message History

The gnoll hits you from afar with a +1 spear of freezing.
The gnoll freezes you. The gnoll hits you with a +0 flail!
* * * LOW HITPOINT WARNING * * *
You can now pass through a line of other dancers.
You barely miss the gnoll.
The gnoll is lightly wounded.
The gnoll closely misses you. The gnoll barely misses you.
You hit the gnoll but do no damage.
The gnoll is lightly wounded.
You block the gnoll's attack. The gnoll barely misses you.
You closely miss the gnoll.
The gnoll is lightly wounded.
You hit the gnoll.
The gnoll is moderately wounded.
The gnoll hits you with a +0 flail.
* * * LOW HITPOINT WARNING * * *
The gnoll hits you but does no damage.
You hit the gnoll.
The gnoll is moderately wounded.
The gnoll closely misses you. You block the gnoll's attack.
You hit the gnoll.
The gnoll is severely wounded.
The gnoll hits you with a +0 flail.
* * * LOW HITPOINT WARNING * * *
The gnoll closely misses you.
You hit the gnoll but do no damage.
The gnoll is severely wounded.
The gnoll barely misses you. You block the gnoll's attack.
You hit the gnoll.
The gnoll is almost dead.
You barely miss the gnoll.
The gnoll is almost dead.
You block the gnoll's attack. The gnoll hits you with a +0 flail.
* * * LOW HITPOINT WARNING * * *
You hit the gnoll.
You kill the gnoll!
The gnoll hits you from afar with a +1 spear of freezing!
* * * LOW HITPOINT WARNING * * *
The gnoll freezes you.
You die...

* #.......# * * ,
##.#.#..# * #......#
##g.##.# #.# #..# .. #.#
* #°g#*,*#* * #.# # #..#
* #.# #.#######..# * #.#
#....@)g...#, , #.#
#########..# ** * #.#
#..# , #<# #.##, * #.#
#.# , * ,
*#.###.#############.##,
, ,
#........#...........#,
#..##........######.##*
* * #. #...............#


You could see a gnoll.

Vanquished Creatures
  4 adders
  2 gnolls (D:4)
  A worm (D:2)
  An orc (D:3)
  6 bats
  2 endoplasms (D:3)
  14 giant cockroaches
  5 goblins
  3 hobgoblins
  8 kobolds
  2 quokkas
  2 ball pythons
  2 frilled lizards (D:1)
  4 rats
56 creatures vanquished.

Vanquished Creatures (others)
  A plant (D:2)
1 creature vanquished.

Grand Total: 57 creatures vanquished

Notes
Turn   | Place    | Note
-------+----------+-------------------------------------------
     0 | D:1      | lunkers the Meteoran Fighter began the quest for the Orb.
     0 | D:1      | Reached XP level 1. HP: 19/19 MP: 2/2
    49 | D:1      | Reached XP level 2. HP: 24/26 MP: 3/3
   152 | D:1      | Reached skill level 1 in Short Blades
   251 | D:2      | Found a faded altar of an unknown god.
   255 | D:2      | Got Plato's Collected Works on the Zephyr
   256 | D:2      | Prayed at the altar of an unknown god.
   256 | D:2      | Became a worshipper of Uskayaw the Reveller
   256 | D:2      | Reached * piety under Uskayaw
   277 | D:2      | Reached ** piety under Uskayaw
   278 | D:2      | Reached XP level 3. HP: 20/31 MP: 4/4
   282 | D:2      | Reached *** piety under Uskayaw
   283 | D:2      | Reached skill level 2 in Short Blades
   416 | D:2      | Reached XP level 4. HP: 38/38 MP: 5/5
   432 | D:2      | Reached skill level 3 in Short Blades
   611 | D:3      | Reached skill level 1 in Invocations
   637 | D:3      | Found a broken altar of Ashenzari.
   665 | D:3      | Reached XP level 5. HP: 45/45 MP: 6/6
   745 | D:3      | Found a blossoming altar of Fedhas.
   748 | D:3      | Found a shadowy altar of Dithmenos.
   749 | D:3      | Found a basalt altar of Yredelemnul.
  1011 | D:4      | Reached skill level 4 in Short Blades
  1022 | D:4      | HP: 2/45 [gnoll/+1 spear of freezing (7)]
  1022 | D:4      | Slain by a gnoll

Illustrated notes

Levels and vault maps discovered:
D:1:      lemuel_arrival_lava_pool, layout_basic, chequers_big_river
D:2:      minmay_roachtagon, layout_rooms, shapermc_ecumenical_altar_rom_forum,
          kennysheep_generic_room_3
D:3:      layout_rooms, grunt_ashenzari_visionary
          [grunt_ashenzari_visionary_shoals, grunt_ashenzari_visionary_spider],
          minitemple
D:4:      layout_loops_ring, okawaru_ov_weapons_minmay, lemuel_tele_altar,
          kennysheep_flooded_box, kennysheep_generic_room_6

Skill      XL: |  1  2  3  4  5 |
---------------+----------------+-----
Long Blades    | 3 |  3.1
Short Blades   | 1 2 3 4 |  4.1
Invocations    | 1 |  1.6
Fighting       | |  3.2
Armour         | |  3.6
Shields        | |  3.6

Action                   |  1- 3 |  4- 6 || total
-------------------------+-------+-------++-------
Melee: Long sword        |    10 |       ||    10
       Dagger            |    55 |   100 ||   155
 Stab: Paralysed         |       |     1 ||     1
Armor: Scale mail        |    18 |    35 ||    53
Dodge: Dodged            |    22 |    35 ||    57
Block: Buckler           |    12 |    27 ||    39

Table legend: (Time is in decaauts)
 A = Elapsed time spent in this place.
 B = Non-inter-level travel time spent in this place.
 C = Inter-level travel time spent in this place.
 D = Time resting spent in this place.
 E = Time spent auto-exploring this place.
 F = Levels seen in this place.
 G = Mean time per level.
                   A        B        C        D        E       F      G
               +--------+--------+--------+--------+--------+-----+--------+
         Total |   1001 |    939 |     62 |      0 |    580 |   4 |  250.2 |
       Dungeon |   1001 |    939 |     62 |      0 |    580 |   4 |  250.2 |
               +--------+--------+--------+--------+--------+-----+--------+

Top non-repeatable levels by time:
     D:3: 380 daAuts
     D:2: 315 daAuts
     D:1: 240 daAuts
     D:4: 64 daAuts
